[Event "Early-Titled-Tuesday-Blitz-January-16-2024"]
[Site "Chess.com"]
[Date "2024.01.16"]
[Round "2"]
[White "TrompeterImEther"]
[Black "Darkbluelord"]
[Result "1-0"]
[WhiteElo "2482"]
[BlackElo "2179"]
[TimeControl "180+1"]
[EndTime "8:18:10 PST"]
[Termination "TrompeterImEther won by checkmate"]

1. e4 c5 2. Nf3 d6 3. d4 cxd4 4. Nxd4 Nf6 5. Nc3 g6 6. f3 Bg7 7. Be3 O-O 8. Qd2 Nc6 9. Bc4 Bd7 10. O-O-O Ne5 11. Bb3 Qa5 12. Kb1 Rfc8 13. g4 b5 14. h4 Nc4 15. Bxc4 bxc4 16. h5 Rab8 17. hxg6 fxg6 18.
Ka1 Rb6 19. g5 Nh5 20. Nd5 c3 21. Nxc3 Rcb8 22. Nb3 Qe5 23. Bxb6 Rxb6 24. Qd5+ Be6 25. Qxe5 Bxe5 26. Nd5 Bxd5 27. Rxd5 Nf4 28. Rd2 a5 29. c3 a4 30. Nd4 Rb8 31. Nc6 Rf8 32. Nxe5 dxe5 33.
b4 Ne6 34. Rg1 Rxf3 35. Kb2 Re3 36. Rg4 Nf4 37. b5 Nd3+ 38. Ka3 Nc5 39. Kb4 Nxe4 40.
Rd8+ Kf7 41. b6 Re2 42. b7 Rb2+ 43. Ka3 Rxb7 44. Rxe4 Ke6 45. Rc8 Rb1 46. Rc5 Rc1 47.
Rcxe5+ Kd6 48. Rxe7 Rxc3+ 49. Kxa4 Rg3 50. R4e6+ Kd5 51.
Re5+ Kd6 52. R7e6+ Kd7 53. Ra6 Rg4+ 54. Kb5 Rg1 55. Rd5+ Kc7 56. Ra7+ Kb8 57. Rxh7 Rb1+ 58. Kc6 Rc1+ 59. Rc5 Re1 60. Rb5+ Ka8 61. Rh8+ Ka7 62.
Rb7+ Ka6 63. Ra8# 1-0

[Event "Early-Titled-Tuesday-Blitz-January-16-2024"]
[Site "Chess.com"]
[Date "2024.01.16"]
[Round "2"]
[White "ZuraTqebuchava"]
[Black "Smiechu"]
[Result "0-1"]
[WhiteElo "2163"]
[BlackElo "2475"]
[TimeControl "180+1"]
[EndTime "8:18:10 PST"]
[Termination "Smiechu won on time"]

1. e4 c5 2. Nf3 g6 3. c3 Bg7 4.
Bc4 d6 5. Bb5+ Bd7 6. Bxd7+ Qxd7 7. O-O Nf6 8. Re1 Nc6 9. d3 O-O 10. h3 b5 11. a4 b4 12. Nbd2 bxc3 13. bxc3 Nh5 14.
Qc2 Rab8 15. Rb1 Rxb1 16. Nxb1 Rb8 17. Na3 Na5 18. Bd2 c4 19. d4 Nb3 20. Nxc4 Qxa4 21.
Qd3 Rc8 22. Nb2 Qa5 23. c4 Nxd2 24. Nxd2 Qb6 25. Nd1 Qxd4 26. Qxd4 Bxd4 27. Nf3 Rxc4 28. Ne3 Bxe3 29. Rxe3 Nf6 30. Ra3 Nxe4 31. Rxa7 Rc1+ 32. Kh2 Kf8 33. Ra8+ Kg7 34. Ra7 Kf6 35. Ra4 d5 36. Ra6+ e6 37. Ra7 Nxf2 38. g4 h6 39. Kg2 Rc2 0-1

[Event "Early-Titled-Tuesday-Blitz-January-16-2024"]
[Site "Chess.com"]
[Date "2024.01.16"]
[Round "2"]
[White "Phelathegreat"]
[Black "Nasrin_Babayeva"]
[Result "0-1"]
[WhiteElo "2415"]
[BlackElo "1844"]
[TimeControl "180+1"]
[EndTime "8:18:12 PST"]
[Termination "Nasrin_Babayeva won by resignation"]

1. e4 d5 2. exd5 Qxd5 3. Nc3 Qa5 4. d4 Nf6 5. Nf3 Bf5 6. Bc4 e6 7. Bd2 c6 8. Qe2 Bb4 9. a3 O-O 10. O-O Bxc3 11. Bxc3 Qc7 12. h3 Nbd7 13. Nh4 Be4 14. Bb4 Rfe8 15. Nf3 e5 16. Bxf7+ Kxf7 17. Ng5+ Kg8 18.
Nxe4 exd4 19. Qc4+ Nd5 20. Qxd4 Qe5 21. Qxe5 Rxe5 22.
f3 Nxb4 23. axb4 Nb6 24. c3 Nc4 25. b3 Ne3 26. Rf2 a6 27. Rd2 Nd5 28. c4 Nxb4 29.
Rd7 Rb8 30. Rad1 Kf8 31. Rc7 Re7 32. Rdd7 Rxd7 33. Rxd7 Na2 34. Nc5 Nc1 35. Ne6+ Kg8 36. Rxg7+ Kh8 37. Rc7 Nxb3 38. h4 a5 39. h5 h6 40. Nf4 a4 41. Nd3 a3 42. Nb4 Nc1 43. Rd7 a2 44. Nc2 Nb3 45. Rd1 Ra8 46. Na1 Nxa1 47. Rxa1 b5 48. cxb5 cxb5 49. Kf2 b4 50.
Ke2 b3 0-1

[Event "Early-Titled-Tuesday-Blitz-January-16-2024"]
[Site "Chess.com"]
[Date "2024.01.16"]
[Round "2"]
[White "NovozhilovSemen"]
[Black "SmirnovTimofey2000"]
[Result "1-0"]
[WhiteElo "2678"]
[BlackElo "2001"]
[TimeControl "180+1"]
[EndTime "8:18:13 PST"]
[Termination "NovozhilovSemen won on time"]

1. d4 d5 2. c4 c6 3. cxd5 cxd5 4. Bg5 h6 5. Bh4 Nf6 6. Bxf6 exf6 7. Nc3 Nc6 8. e3 a6 9. Bd3 Bd6 10. f4 O-O 11.
Nf3 Re8 12. Kf2 Be6 13. f5 Bd7 14. Nxd5 Nb4 15. Nxb4 Bxb4 16. Qb3 Bf8 17. Rhe1 b5 18.
Rac1 Rc8 19. a3 Qe7 20. Bb1 Rxc1 21. Rxc1 Rc8 22. Rxc8 Bxc8 23. e4 Bb7 24. Ke3 Qc7 25. Qc2 Qb8 26. g3 Bd6 27. Ba2 Qa8 28. Nd2 Qb8 29. Qb3 Qe8 30. Qc3 Qe7 31. Bb1 Kh7 32. Bd3 b4 33. Qb3 bxa3 34. bxa3 Bxa3 35.
e5 fxe5 36. f6+ e4 37. fxe7 exd3 38. e8=Q 1-0

[Event "Early-Titled-Tuesday-Blitz-January-16-2024"]
[Site "Chess.com"]
[Date "2024.01.16"]
[Round "2"]
[White "Doublekk14"]
[Black "Grindaveci"]
[Result "1-0"]
[WhiteElo "2253"]
[BlackElo "2488"]
[TimeControl "180+1"]
[EndTime "8:18:13 PST"]
[Termination "Doublekk14 won by checkmate"]

1. c4 e6 2. e4 d5 3. exd5 exd5 4. d4 Nf6 5. Nf3 Be7 6. Nc3 O-O 7. Be2 h6 8. O-O Bf5 9. h3 dxc4 10. Bxc4 Nbd7 11.
Ne5 Nb6 12. Bb3 c6 13. Qf3 Bh7 14. Be3 Nfd5 15. a4 a5 16. Qg3 Kh8 17. Qf3 Bf6 18. Rfe1 Qd6 19. Ne4 Bxe4 20. Qxe4 Rae8 21. Bc2 g6 22.
Bxh6 Bg7 23. Nxf7+ Rxf7 24. Qxe8+ Rf8 25. Bxg7+ Kxg7 26. Qe5+ Qxe5 27. dxe5 Nb4 28. Bb3 c5 29. Re4 Rc8 30. Be6 Re8 31. Bg4 Nd3 32. b3 Re7 33. Rd1 Nb4 34. Rd6 Nc6 35. f4 Nd4 36. Rexd4 cxd4 37. Rxb6 Rc7 38. Rd6 Rc3 39. Rxd4 Rxb3 40. e6 Kf6 41.
Rd7 b5 42. Rf7# 1-0

[Event "Early-Titled-Tuesday-Blitz-January-16-2024"]
[Site "Chess.com"]
[Date "2024.01.16"]
[Round "2"]
[White "Logman74"]
[Black "NewBornNow"]
[Result "0-1"]
[WhiteElo "2505"]
[BlackElo "2781"]
[TimeControl "180+1"]
[EndTime "8:18:14 PST"]
[Termination "NewBornNow won on time"]

1. e4 c5 2. Nf3 d6 3. d4 cxd4 4. Nxd4 Nf6 5. Nc3 a6 6. f4 e5 7.
Nf3 Nbd7 8. Bd3 Be7 9. O-O O-O 10. Kh1 Qc7 11. a4 Nc5 12. Be3 Bd7 13. fxe5 dxe5 14. Bg5 Bc6 15. Qe1 h6 16. Bh4 Nh5 17.
Bxe7 Qxe7 18. Nh4 g6 19. Bc4 Kg7 20. Rd1 Rad8 21. Rxd8 Qxd8 22. Nd5 Bxd5 23. Bxd5 Nf4 24. Nf3 Nxd5 25. exd5 f6 26. c4 a5 27. Qd1 Qd6 28. h3 f5 29. Qe1 b6 30. Qxe5+ Qxe5 31. Nxe5 Re8 32. Nc6 Nxa4 33. b3 Nc5 34. Nd4 Re3 35. Rd1 Kf6 36. d6 Nd7 37. Kg1 g5 38. Kf2 f4 39. Rd2 Re8 40. Nb5 Rd8 41. Nc7 Nc5 42.
Nd5+ Ke5 43. Nxb6 Ne4+ 0-1

[Event "Early-Titled-Tuesday-Blitz-January-16-2024"]
[Site "Chess.com"]
[Date "2024.01.16"]
[Round "2"]
[White "GMJustin"]
[Black "cristianserban1"]
[Result "0-1"]
[WhiteElo "2320"]
[BlackElo "2550"]
[TimeControl "180+1"]
[EndTime "8:18:14 PST"]
[Termination "cristianserban1 won by checkmate"]

1. d4 g6 2. e4 Bg7 3. Nc3 a6 4. h4 h5 5. Be3 b5 6. a4 b4 7.
Nce2 Bb7 8. Ng3 a5 9. c3 Nf6 10. f3 bxc3 11. bxc3 d6 12. Bb5+ Bc6 13. N1e2 O-O 14. Qd2 Qd7 15. Bxc6 Nxc6 16. Bh6 e5 17. Bxg7 Kxg7 18. Nf5+ Kg8 19. Neg3 Ne8 20. Nxh5 Ne7 21. Nxe7+ Qxe7 22. Ng3 Ng7 23. h5 g5 24. h6 Ne6 25. Nf5 Qf6 26. d5 Nf4 27. g3 Ng6 28. Rh5 Kh7 29. Rxg5 Rfb8 30. Kf2 Rb3 31. Rc1 Rab8 32. Rc2 Ra3 33. Rh5 Rb1 34. g4 Raa1 35. g5 Qd8 36. Ne3 Nf4 37. Rh2 Rf1+ 38.
Nxf1 Qxg5 39. Ng3 Qd8 40. Qe3 Qb8 41. Ne2 Qb1 42. Nxf4 exf4 43. Qd2 Qf1# 0-1

[Event "Early-Titled-Tuesday-Blitz-January-16-2024"]
[Site "Chess.com"]
[Date "2024.01.16"]
[Round "2"]
[White "JoliyRoger"]
[Black "SpongeBob_03"]
[Result "0-1"]
[WhiteElo "2467"]
[BlackElo "2204"]
[TimeControl "180+1"]
[EndTime "8:18:14 PST"]
[Termination "SpongeBob_03 won on time"]

1. d4 Nf6 2. c4 e6 3. Nc3 d5 4. Nf3 Bb4 5. e3 Ne4 6. Qc2 c5 7. Bd3 Bxc3+ 8. bxc3 Nf6 9. O-O O-O 10. cxd5 exd5 11.
c4 Bg4 12. Ne5 Bh5 13. cxd5 cxd4 14. e4 Nbd7 15. Nxd7 Qxd7 16. Bb2 Rac8 17. Qd2 Qa4 18. Rfe1 Bg6 19. f4 Rfe8 20. f5 Bh5 21. h3 Nd7 22. g4 Ne5 23. Rf1 Bxg4 24. hxg4 Nxg4 25. Rfc1 Ne5 26. Bc2 Qa6 27. Kg2 Nc4 28. Qd3 Nxb2 29. Qxa6 bxa6 30. Bb3 d3 31. d6 Rcd8 0-1

[Event "Early-Titled-Tuesday-Blitz-January-16-2024"]
[Site "Chess.com"]
[Date "2024.01.16"]
[Round "2"]
[White "JimDiGrease"]
[Black "Caterpiller35"]
[Result "1-0"]
[WhiteElo "3000"]
[BlackElo "2623"]
[TimeControl "180+1"]
[EndTime "8:18:15 PST"]
[Termination "JimDiGrease won by resignation"]

1. d4 Nf6 2. c4 e6 3. Bf4 Bb4+ 4. Nd2 c5 5. dxc5 Bxc5 6. e3 d5 7. Ngf3 O-O 8. a3 a5 9. Rc1 Ba7 10. cxd5 Nxd5 11. Bg3 Nc6 12. Bb5 Qf6 13. Qc2 Bd7 14.
Bd3 h6 15. O-O Bxe3 16. Ne4 Qd8 17. fxe3 Nxe3 18. Qf2 Nxf1 19. Rxf1 Ne7 20. Rd1 Nf5 21. Nd6 Nxg3 22. hxg3 Bc6 23. Ne5 Qf6 24. Qe3 Rad8 25. Bc2 Bd5 26. Rf1 Qg5 27. Qxg5 hxg5 28. Ndxf7 Rc8 29.
Bg6 b5 30. Kf2 b4 31. Rh1 Rxf7+ 32. Bxf7+ 1-0

[Event "Early-Titled-Tuesday-Blitz-January-16-2024"]
[Site "Chess.com"]
[Date "2024.01.16"]
[Round "2"]
[White "crazy_but_lazy"]
[Black "vladislavkovalev"]
[Result "0-1"]
[WhiteElo "2589"]
[BlackElo "2883"]
[TimeControl "180+1"]
[EndTime "8:18:15 PST"]
[Termination "vladislavkovalev won by resignation"]

1. d4 Nf6 2. c4 e6 3. Nf3 b6 4. g3 Ba6 5. b3 Bb4+ 6. Bd2 Be7 7.
Nc3 d5 8. Bg2 O-O 9. O-O c6 10.
cxd5 cxd5 11. Bf4 Nc6 12. Ne5 Rc8 13. Rc1 Ba3 14. Rc2 Nb4 15. Bd2 Nxc2 16. Qxc2 Bxe2 17.
Re1 Ba6 18. Qb1 Bb4 19. Re3 Bb7 20. g4 Bxc3 21. Bxc3 Ne4 22. Be1 f6 23. Nd3 Qd7 24. f3 Nd6 25. Nf4 Rfe8 26. Bf1 e5 27. dxe5 Rxe5 28.
Bd2 d4 29. Rxe5 fxe5 30. Nh5 e4 31. Bf4 d3 32. Qb2 Ne8 33. Qe5 Qd5 34. Qe7 Qc5+ 35. Qxc5 Rxc5 36. fxe4 Bxe4 37. Ng3 Bg6 38. h4 h6 39. h5 Bh7 40. Kf2 Nf6 41. Kf3 Rc2 42.
a4 Rb2 43. Ke3 Nd5+ 44. Kf3 Nxf4 45. Kxf4 0-1

[Event "Early-Titled-Tuesday-Blitz-January-16-2024"]
[Site "Chess.com"]
[Date "2024.01.16"]
[Round "2"]
[White "IamSchrodingersCat"]
[Black "Kirill_Klukin"]
[Result "0-1"]
[WhiteElo "2570"]
[BlackElo "2855"]
[TimeControl "180+1"]
[EndTime "8:18:15 PST"]
[Termination "Kirill_Klukin won on time"]

1. e4 d6 2. d4 f5 3. exf5 Bxf5 4.
Nf3 Nf6 5. Bd3 Qd7 6. Bxf5 Qxf5 7. O-O Nc6 8. Re1 O-O-O 9. c3 e5 10. b4 e4 11. Nfd2 d5 12. Nf1 Bd6 13. b5 Ne7 14. a4 Rhf8 15. Ra2 g5 16. Ba3 Ng6 17. Ne3 Qd7 18. Bxd6 Qxd6 19. Nd2 Nf4 20. Ndf1 Nd3 21.
Ree2 Rf7 22. a5 Rdf8 23. Qb1 h5 24. Ng3 Ng4 25. Nxg4 hxg4 26. c4 dxc4 27. Rxe4 Rxf2 28. Rxf2 Nxf2 29. Re3 Qxd4 30. Qe1 Nd3 31. Qe2 Re8 32. Nf1 Rxe3 33. Nxe3 Kd8 0-1

[Event "Early-Titled-Tuesday-Blitz-January-16-2024"]
[Site "Chess.com"]
[Date "2024.01.16"]
[Round "2"]
[White "DamianoLew95"]
[Black "Oleksandr_Bortnyk"]
[Result "0-1"]
[WhiteElo "2665"]
[BlackElo "3108"]
[TimeControl "180+1"]
[EndTime "8:18:16 PST"]
[Termination "Oleksandr_Bortnyk won by resignation"]

1. e4 g6 2. d4 Bg7 3. Nc3 c6 4. Be3 d5 5. e5 h5 6. h3 Nh6 7. Nf3 Nf5 8. Bf4 Qb6 9. Na4 Qc7 10. Qd2 Be6 11. Nc5 Nd7 12. Nxe6 fxe6 13. Ng5 Nf8 14. h4 a6 15. g3 c5 16. c3 cxd4 17. cxd4 Qb6 18.
Rd1 Rc8 19. Be2 Bh6 20. Nh3 Bxf4 21. Nxf4 Kf7 22. O-O Nd7 23. Bd3 Rcg8 24. Bb1 Nb8 25. Nh3 Ke8 26. Ng5 Kd7 27. Kg2 Nc6 28. Bxf5 gxf5 29.
Rfe1 Rf8 30. Re3 f4 31. Rb3 Qa7 32. gxf4 Rf5 33. Rf3 Rhf8 34. Kg3 Qb6 35. Qc3 a5 36. Rd2 Qa6 37. Qd3 Qb6 38. a3 a4 39. Qc3 Qa6 40. Qc5 Qf1 41. Qc2 Qg1+ 42. Kh3 Rxg5 0-1

[Event "Early-Titled-Tuesday-Blitz-January-16-2024"]
[Site "Chess.com"]
[Date "2024.01.16"]
[Round "2"]
[White "sakkikuska"]
[Black "GroovyKettle"]
[Result "0-1"]
[WhiteElo "2605"]
[BlackElo "2934"]
[TimeControl "180+1"]
[EndTime "8:18:16 PST"]
[Termination "GroovyKettle won by resignation"]

1. e4 c5 2. Nf3 d6 3. d4 cxd4 4. Nxd4 Nf6 5. f3 e5 6. Nb3 Be6 7. c4 a5 8. Be3 a4 9. N3d2 Nc6 10. Be2 Be7 11. O-O O-O 12. Nc3 Qa5 13. Nd5 Bd8 14. Kh1 Nd4 15. Bd3 Bxd5 16. cxd5 b5 17. f4 Nd7 18.
fxe5 dxe5 19. Nf3 Bb6 20. Nxd4 Bxd4 21. Bxd4 exd4 22. e5 Nxe5 23. Bxh7+ Kxh7 24. Qh5+ Kg8 25. Qxe5 Qb4 26. Rad1 Qxb2 27. d6 Qxa2 28. Qxb5 Rab8 29. Qd3 Rb2 30. Rg1 Rb4 31. d7 Qd5 32. Qa3 Rb7 33.
Qxa4 Rxd7 34. Rd2 g6 35. Rgd1 Re8 36. h3 Re4 37. Qa3 Rd6 38. Qg3 Kg7 39. Qd3 Rde6 40. Kh2 Qe5+ 41. Qg3 Qf6 42. Qf3 Rf4 43. Qg3 Re3 0-1

[Event "Early-Titled-Tuesday-Blitz-January-16-2024"]
[Site "Chess.com"]
[Date "2024.01.16"]
[Round "2"]
[White "Soledadense88"]
[Black "GMAkobianSTL"]
[Result "1-0"]
[WhiteElo "2412"]
[BlackElo "2692"]
[TimeControl "180+1"]
[EndTime "8:18:16 PST"]
[Termination "Soledadense88 won on time"]

1. d4 e6 2. e4 d5 3. Nc3 Bb4 4. e5 c5 5. a3 Ba5 6. Qg4 g6 7. dxc5 Nc6 8. Nf3 d4 9. b4 Nxb4 10. axb4 Bxb4 11. Bb5+ Kf8 12. Bd2 Bxc3 13. Bxc3 dxc3 14.
O-O Ne7 15. Qh4 h6 16. Rfd1 Qc7 17. Qf6 Rh7 18. Rd6 a6 19. Rad1 Nd5 20. Rd8+ Qxd8 21. Qxd8+ Kg7 22. Rxd5 exd5 23. Qf6+ Kg8 24. Bd3 Bg4 25.
Nd4 Re8 26. h3 Bc8 27. e6 Bxe6 28. Bxg6 Rg7 29. Bf5 Bxf5 30. Nxf5 Rg6 31. Ne7+ Rxe7 32. Qxe7 1-0

[Event "Early-Titled-Tuesday-Blitz-January-16-2024"]
[Site "Chess.com"]
[Date "2024.01.16"]
[Round "2"]
[White "KnobbedHornbill"]
[Black "pavet"]
[Result "0-1"]
[WhiteElo "2473"]
[BlackElo "2774"]
[TimeControl "180+1"]
[EndTime "8:18:18 PST"]
[Termination "pavet won by resignation"]

1. d4 Nf6 2. c4 g6 3. g3 Bg7 4. Bg2 d5 5. cxd5 Nxd5 6. Nf3 O-O 7. O-O Nb6 8. Nc3 Nc6 9. e3 e5 10. d5 Ne7 11. e4 Bg4 12. b3 Nec8 13. Ba3 Nd6 14.
Rc1 Rc8 15. Qd3 Bd7 16. Rfd1 f5 17. Nd2 Kh8 18. Nc4 Nbxc4 19. bxc4 b6 20. c5 bxc5 21.
Bxc5 a5 22. Ba3 Rf7 23. Rd2 Rb8 24. Rdc2 Nb5 25. Bb2 Nd4 26. Rd2 c6 27. dxc6 Bxc6 28.
Nd5 Bxd5 29. exd5 Rfb7 30. Bxd4 exd4 31. Rdc2 h5 32. h4 Rb2 33. Kh2 Rxc2 34. Rxc2 Rc8 35. Rxc8 Qxc8 36. Qb5 Qc7 37. Qc6 Qxc6 38. dxc6 Be5 39.
Kg1 Kg7 40. Kf1 f4 41. gxf4 Bxf4 42. Be4 Kf6 43. Kg2 g5 44. hxg5+ Kxg5 45. Kh3 Bc7 46.
Kg2 Kf4 47. Bg6 h4 48. Kh3 Bd8 49. Kg2 Bc7 50. Bd3 Bd6 51. Bg6 a4 52. Bc2 a3 53.
Bd3 Bc7 54. Bc2 h3+ 55. Kxh3 Kf3 56. Kh4 Kxf2 57. Kg4 Ke2 58. Kf5 d3 59. Bxd3+ Kxd3 60. Ke6 Kc3 61. Kd7 Ba5 0-1

[Event "Early-Titled-Tuesday-Blitz-January-16-2024"]
[Site "Chess.com"]
[Date "2024.01.16"]
[Round "2"]
[White "Seochesspie"]
[Black "LeoLV10"]
[Result "1-0"]
[WhiteElo "2803"]
[BlackElo "2451"]
[TimeControl "180+1"]
[EndTime "8:18:18 PST"]
[Termination "Seochesspie won by resignation"]

1. e4 c6 2. d4 d5 3. Nd2 dxe4 4.
Nxe4 Nf6 5. Nxf6+ exf6 6. Be3 Bd6 7. Bd3 O-O 8. Ne2 Re8 9. O-O Nd7 10. c4 Nf8 11. Qc2 Be6 12. Rad1 Rc8 13. b3 Qd7 14.
Nc3 Bb8 15. Ne4 Bg4 16. Rc1 Qc7 17.
g3 f5 18. Nc3 Qd7 19. d5 f4 20.
Bd2 fxg3 21. hxg3 Ng6 22. Rfe1 Ne5 23. Bxh7+ Kh8 24. Be4 Nf3+ 25. Kg2 Nxe1+ 26. Rxe1 f5 27. Rh1+ Kg8 28. Bd3 Be5 29. f3 Bxc3 30. Bxc3 cxd5 31. fxg4 dxc4 32. Bxc4+ Rxc4 33. bxc4 Qc6+ 34. Kh2 Qf3 35. Re1 Rxe1 36. Bxe1 Qxg4 37. Qd3 f4 38. Qd8+ Kf7 39.
Qc7+ Kg6 40. Qxf4 Qe2+ 41. Bf2 Qxa2 42. Qe4+ Kf7 43. Kg2 Kg8 44. c5 Qa6 45. Qd5+ Kh7 46. g4 Kg6 47. Qf5+ Kh6 48. Be3+ 1-0

[Event "Early-Titled-Tuesday-Blitz-January-16-2024"]
[Site "Chess.com"]
[Date "2024.01.16"]
[Round "2"]
[White "MatthewG-p4p"]
[Black "LangesNasenhaar"]
[Result "0-1"]
[WhiteElo "2911"]
[BlackElo "2434"]
[TimeControl "180+1"]
[EndTime "8:18:18 PST"]
[Termination "LangesNasenhaar won on time"]

1. e4 g6 2. d4 Bg7 3. Nc3 c6 4. Nf3 d5 5. e5 Bg4 6. h3 Bxf3 7. Qxf3 f6 8. Bf4 Nd7 9. exf6 Ngxf6 10. O-O-O O-O 11.
g4 b5 12. Qe3 b4 13. Na4 Qa5 14. b3 Nb6 15. Bc7 Rac8 16. Qe6+ Kh8 17. Qxc6 Ne4 18.
Rh2 Bh6+ 19. Kb2 Nxa4+ 20. bxa4 Qxc7 21. Qxc7 Rxc7 22. Re1 Nxf2 23. Bb5 Ne4 24. Ree2 Bg7 25. Kb3 Rfc8 26. Kxb4 Kg8 27. c4 Nd6 0-1

[Event "Early-Titled-Tuesday-Blitz-January-16-2024"]
[Site "Chess.com"]
[Date "2024.01.16"]
[Round "2"]
[White "Ginger_GM"]
[Black "inagreV"]
[Result "1-0"]
[WhiteElo "2676"]
[BlackElo "2390"]
[TimeControl "180+1"]
[EndTime "8:18:18 PST"]
[Termination "Ginger_GM won on time"]

1. d4 Nf6 2. Nc3 c5 3. dxc5 e6 4. e4 Nc6 5. Nf3 Bxc5 6. Bd3 Ng4 7. O-O Qc7 8. g3 a6 9. Bf4 d6 10. h3 Nge5 11. Nxe5 dxe5 12. Bd2 b5 13. Qg4 g6 14.
Bh6 f6 15. a4 b4 16. Ne2 Kf7 17. h4 Rg8 18. Nc1 Nd4 19. Nb3 f5 20. Qd1 Bb7 21.
Nxd4 Bxd4 22. Qe2 Rad8 23. Rab1 Rd7 24. Kh2 Rc8 25. f4 exf4 26. Bxf4 Qc6 27. Be3 Bxe3 28. Qxe3 Kg8 29. h5 g5 30. Qxg5+ Rg7 31. Qf4 Rd8 32. h6 Rxd3 33. cxd3 Qc2+ 34. Kh3 Rg6 35. Rbc1 Qe2 36.
Rc7 1-0

[Event "Early-Titled-Tuesday-Blitz-January-16-2024"]
[Site "Chess.com"]
[Date "2024.01.16"]
[Round "2"]
[White "ChessSwole"]
[Black "invisible_s0ul"]
[Result "1-0"]
[WhiteElo "2709"]
[BlackElo "2292"]
[TimeControl "180+1"]
[EndTime "8:18:19 PST"]
[Termination "ChessSwole won on time"]

1. e4 c5 2. Nf3 d6 3. d4 cxd4 4.
Nxd4 Nf6 5. Nc3 a6 6. Qe2 e5 7.
Nf5 Bxf5 8. exf5 Nc6 9. Bg5 Be7 10. O-O-O Nd4 11. Rxd4 exd4 12. Bxf6 gxf6 13. Nd5 Kf8 14.
Qd2 h6 15. Qxd4 Rc8 16. Bd3 Qa5 17. Kb1 Qc5 18. Qe4 Re8 19. Re1 Qxf2 20. Nxe7 Qxe1+ 21. Qxe1 Rxe7 22. Qd2 Kg7 23. b3 Rhe8 24. a4 d5 25. Qf4 Re5 26. Qg3+ Kh7 27. Qh4 Kg7 28. Qg4+ Kh7 29. Qb4 R8e7 30. Kb2 Kg7 31. Qb6 Re3 32. Qd8 R3e5 33. g3 Re8 34. Qd6 R8e7 35. h4 Re8 36. g4 R8e7 37. b4 Re8 38. b5 axb5 39.
Bxb5 R8e7 40. a5 d4 41. Bc4 Re8 42. Qb6 R8e7 43. Kb3 Re3+ 44. Kb4 R3e4 45. Qd8 Re8 46. Qd7 R8e7 47. Qd6 Re8 48. Bd5 Rxg4 49. Qd7 Rf8 50. Kb3 Rf4 51. Bxb7 Rg4 52. a6 Rg3+ 53. Kb2 d3 54. a7 Re3 55. a8=Q 1-0

[Event "Early-Titled-Tuesday-Blitz-January-16-2024"]
[Site "Chess.com"]
[Date "2024.01.16"]
[Round "2"]
[White "Polish_fighter3000"]
[Black "Yeritsyaan"]
[Result "1-0"]
[WhiteElo "3070"]
[BlackElo "2657"]
[TimeControl "180+1"]
[EndTime "8:18:20 PST"]
[Termination "Polish_fighter3000 won on time"]

1. e4 c5 2. Nf3 Nc6 3. Nc3 e5 4. Bc4 Be7 5. d3 d6 6. h4 Nf6 7. Ng5 O-O 8. Nd5 h6 9. Nxf6+ Bxf6 10. Qh5 Qe7 11. Qg6 Bxg5 12. hxg5 Be6 13. Bxe6 Qxe6 14. Qxe6 fxe6 15. gxh6 Nd4 16. hxg7 Nxc2+ 17. Ke2 Rfe8 18. Rb1 Kxg7 19. Be3 Rh8 20. Kd2 Nd4 21. Rxh8 Rxh8 22. b4 b6 23. bxc5 dxc5 24. a4 Nc6 25. Kc3 Rd8 26. Rb2 Nb4 27. Rd2 Kf6 28. Kc4 a6 29.
a5 b5+ 30. Kxc5 Nxd3+ 31. Kb6 Rd6+ 32. Kc7 Ke7 33. Bg5+ 1-0

[Event "Early-Titled-Tuesday-Blitz-January-16-2024"]
[Site "Chess.com"]
[Date "2024.01.16"]
[Round "2"]
[White "Khromkin"]
[Black "Aygehovit1992"]
[Result "0-1"]
[WhiteElo "2386"]
[BlackElo "2730"]
[TimeControl "180+1"]
[EndTime "8:18:21 PST"]
[Termination "Aygehovit1992 won on time"]

1. d4 Nf6 2. c4 g6 3. Nf3 Bg7 4. Nc3 O-O 5. g3 d6 6. Bg2 c6 7. O-O Bf5 8. Qb3 Qb6 9. h3 Ne4 10. Be3 Nd7 11. Nh4 Nxc3 12. bxc3 Be6 13. Rfb1 Qxb3 14.
axb3 d5 15. cxd5 Bxd5 16. Bxd5 cxd5 17. c4 Rfc8 18. Nf3 b6 19. Nd2 e5 20. cxd5 exd4 21.
Bf4 d3 22. Ra2 dxe2 23. Nc4 Nf6 24. d6 Nd5 25. Bd2 b5 26. Ne3 Rc5 27. d7 Nxe3 28. Bxe3 Rd5 29. Rxe2 Rxd7 30. Ra2 a5 31. Rc1 a4 32.
bxa4 bxa4 33. Bc5 Rc7 34. Ba3 Rxc1+ 35. Bxc1 Bf8 36. Ba3 Bxa3 37. Rxa3 Kf8 38. Kf1 Ke7 39. Ke2 Kd6 40. Kd3 Kc5 41. Kc3 h5 42. Kb2 Kd4 43. Rf3 a3+ 44. Ka2 f5 45. g4 fxg4 0-1

[Event "Early-Titled-Tuesday-Blitz-January-16-2024"]
[Site "Chess.com"]
[Date "2024.01.16"]
[Round "2"]
[White "ChessBliss09"]
[Black "Franmu14"]
[Result "0-1"]
[WhiteElo "2088"]
[BlackElo "2687"]
[TimeControl "180+1"]
[EndTime "8:18:21 PST"]
[Termination "Franmu14 won on time"]

1. e4 e5 2. Nf3 Nc6 3. Bc4 Bc5 4.
O-O Nf6 5. d3 d6 6. h3 h6 7. Be3 Bxe3 8. fxe3 Be6 9. Nbd2 Qd7 10. c3 d5 11. exd5 Nxd5 12. Bxd5 Qxd5 13. Qe2 O-O-O 14.
d4 exd4 15. exd4 Rhe8 16. Qf2 Qh5 17. a4 Kb8 18. b4 Qg6 19. Nh4 Qd3 20. Rfc1 Bd5 21.
Nhf3 Re2 22. Qf1 Rxd2 23. Nxd2 Qxd2 24. c4 Qxd4+ 25. Kh1 Be4 26. b5 Ne5 27. Rd1 Nd3 28.
Rd2 f5 29. Rad1 b6 30. Kh2 Qe5+ 31. Kh1 Qg3 32. Qg1 Qxh3+ 33. Qh2 Qe3 34. Qg1 Qf4 35. Qh2 Qg5 36. Qg1 Rd6 0-1

[Event "Early-Titled-Tuesday-Blitz-January-16-2024"]
[Site "Chess.com"]
[Date "2024.01.16"]
[Round "2"]
[White "garfield_pg"]
[Black "Zakaryan_David"]
[Result "1-0"]
[WhiteElo "2409"]
[BlackElo "2670"]
[TimeControl "180+1"]
[EndTime "8:18:21 PST"]
[Termination "garfield_pg won on time"]

1. d4 Nf6 2. Bf4 d5 3. e3 c5 4. Nf3 Nc6 5. Nbd2 cxd4 6. exd4 Bf5 7. c3 e6 8. Qb3 Bd6 9. Qxb7 Bxf4 10. Qxc6+ Kf8 11.
Ne5 Rb8 12. Nb3 g5 13. Qc5+ Kg7 14. Qxa7 Rf8 15. Nc6 Ra8 16. Nxd8 Rxa7 17. Nc6 Rb7 18. Nb4 Bd6 19. Nc5 Rc7 20. Nbd3 Ne4 21. Nxe4 dxe4 22. Ne5 Rb8 23. Nc4 Be7 24. b3 Ra7 25. Be2 Rxb3 26. axb3 Rxa1+ 27. Bd1 1-0

[Event "Early-Titled-Tuesday-Blitz-January-16-2024"]
[Site "Chess.com"]
[Date "2024.01.16"]
[Round "2"]
[White "Let_it_be_1"]
[Black "Zhigalko_Sergei"]
[Result "0-1"]
[WhiteElo "2611"]
[BlackElo "2951"]
[TimeControl "180+1"]
[EndTime "8:18:22 PST"]
[Termination "Zhigalko_Sergei won by resignation"]

1. e4 c5 2. Nf3 Nc6 3. d4 cxd4 4. Nxd4 Nf6 5. Nc3 e5 6. Ndb5 d6 7. Bg5 a6 8. Na3 b5 9. Nd5 Be7 10. Bxf6 Bxf6 11. c3 Bg5 12. Nc2 Ne7 13. Nxe7 Qxe7 14. Bd3 O-O 15. O-O Rb8 16. Nb4 Bb7 17. a4 a5 18. Nd5 Bxd5 19. exd5 b4 20. Bb5 bxc3 21. bxc3 f5 22. Rb1 e4 23. Bc6 Qe5 24. Qc2 f4 25. Rfe1 Rxb1 26. Qxb1 e3 27. fxe3 fxe3 28. Qd3 Bf4 29. Kh1 Qh5 30. h3 Qg5 31. g4 Qh4 32. Rxe3 Bxe3 33. Qxe3 Qf2 34. Qxf2 Rxf2 35. c4 Rc2 36.
Bb5 g5 37. Kg1 Kg7 38. Kf1 Kf6 39. Ke1 Ke5 40. Kd1 Rh2 41. Bd7 Kd4 0-1

[Event "Early-Titled-Tuesday-Blitz-January-16-2024"]
[Site "Chess.com"]
[Date "2024.01.16"]
[Round "2"]
[White "SlipperySpeedster"]
[Black "NowInChess"]
[Result "1-0"]
[WhiteElo "2701"]
[BlackElo "2288"]
[TimeControl "180+1"]
[EndTime "8:18:22 PST"]
[Termination "SlipperySpeedster won by checkmate"]

1. Nf3 Nf6 2. b3 g6 3. g3 b5 4. Bb2 Bg7 5. Bg2 Bb7 6. O-O O-O 7. c4 bxc4 8. bxc4 d6 9. d3 Nbd7 10. Nbd2 Rb8 11. Rb1 c5 12. Bc3 Qc7 13. Qa4 Bc6 14. Qa6 Rb6 15. Rxb6 axb6 16. Qa3 Ra8 17. Qb2 Qa7 18.
Ra1 Qa3 19. Qc2 Ng4 20. Bxg7 Kxg7 21. Nb1 Qa5 22. Qb2+ f6 23. Nfd2 Bxg2 24. Kxg2 Nge5 25. a4 Nc6 26. Nc3 Nb4 27. Nb3 Qa7 28. e4 Ne5 29. d4 Nxc4 30. Qe2 Na5 31. Nb5 Qb7 32. Nxa5 Rxa5 33.
f3 Qa8 34. Nc7 Qc8 35. Nb5 Qa8 36. dxc5 bxc5 37. Nc7 Qc8 38. Nb5 Qa8 39. Nc3 Nc6 40. Qc4 Qc8 41. Rb1 Nd4 42. Nd5 Ra7 43. a5 Qd8 44. a6 Rxa6 45. Qxa6 e6 46. Ne3 h5 47. Rb7+ Kh6 48. Qb6 Qa8 49. Ra7 Qe8 50. Qc7 Qb5 51. Qg7+ Kg5 52. h4# 1-0